 Dungeon Crawl Stone Soup version 0.30-a0-672-gc3a7216ad8 (webtiles) character file.

Game seed: 8337403745015660570

185 bande the Covered (level 5, -2/33 HPs)
             Began as a Gargoyle Fighter on Jan 19, 2023.
             Slain by a kobold brigand
             ... wielding a +0 dagger
              (4 damage)
             ... in a sewer.
             The game lasted 00:02:22 (1967 turns).

bande the Covered (Gargoyle Fighter)                Turns: 1967, Time: 00:02:22

Health: -2/33      AC: 12    Str: 19    XL:     5   Next: 64%
Magic:  5/5        EV:  9    Int:  9    God:
Gold:   116        SH:  4    Dex: 11    Spells: 4/4 levels left

rFire   . . .      SeeInvis .    a - +0 war axe
rCold   . . .      Faith    .    c - +0 buckler
rNeg    + . .      Spirit   .    b - +0 scale mail
rPois   ∞          Reflect  .    (no helmet)
rElec   +          Harm     .    (no cloak)
rCorr   .          Rampage  .    (no gloves)
Will    .....                    l - +0 pair of boots Stlth
                                 (no amulet)
HPRegen 0.25/turn                (no ring)
MPRegen 0.09/turn                (no ring)

@: very slow
A: sickness immunity, AC +4, negative energy resistance 1, electricity
resistance, torment resistance 1, petrification resistance
a: no special abilities


You were in a sewer.
You visited 1 branch of the dungeon, and saw 3 of its levels.
You also visited: Sewer.

You collected 116 gold pieces.

Inventory:

Hand Weapons
 a - a +0 war axe (weapon)
Armour
 b - a +0 scale mail (worn)
 c - a +0 buckler (worn)
 l - a +0 pair of boots (worn)
Jewellery
 j - a ring of magical power
Scrolls
 g - 2 scrolls of magic mapping {unknown}
 h - 2 scrolls of butterflies {unknown}
 i - a scroll of brand weapon {unknown}
 k - 2 scrolls of identify {unknown}
 n - a scroll of teleportation {unknown}
Potions
 d - a potion of might
 e - 3 potions of curing {unknown}
 f - 3 potions of heal wounds {unknown}
 m - a potion of magic {unknown}


   Skills:
 + Level 3.9 Fighting
 + Level 3.7 Axes
 + Level 4.5 Armour
 + Level 3.8 Shields


You had 4 spell levels left.
You didn't know any spells.
Your spell library was empty.

Dungeon Overview and Level Annotations

Branches:
Dungeon (3/15)              Sewer (1/1)

Altars:

Annotations:
D:2 Jessica


Innate Abilities, Weirdness & Mutations

You are immune to sickness and miasma.
Your stone body is resilient. (AC +4)
You are immune to poison.
You resist negative energy. (rN+)
You are resistant to electric shocks. (rElec)
You are resistant to unholy torment.
You are immune to petrification.


Message History

The kobold brigand is heavily wounded.
The kobold brigand splashes around in the water.
Your unstable footing causes you to fumble your attack.
The kobold brigand hits you with a +0 dagger.
* * * LOW HITPOINT WARNING * * *
You miss the kobold brigand.
The kobold brigand is heavily wounded.
You block the kobold brigand's attack.
The kobold brigand hits you but does no damage.
You closely miss the kobold brigand.
The kobold brigand is heavily wounded.
The kobold brigand hits you but does no damage.
You closely miss the kobold brigand.
The kobold brigand is heavily wounded.
The kobold brigand hits you with a +0 dagger.
* * * LOW HITPOINT WARNING * * *
You miss the kobold brigand.
The kobold brigand is heavily wounded.
The kobold brigand splashes around in the water. x2
Your unstable footing causes you to fumble your attack.
The kobold brigand barely misses you.
You barely miss the kobold brigand.
The kobold brigand is heavily wounded.
The kobold brigand hits you with a +0 dagger.
* * * LOW HITPOINT WARNING * * *
You miss the kobold brigand.
The kobold brigand is heavily wounded.
The kobold brigand splashes around in the water.
You hit the kobold brigand.
The kobold brigand is heavily wounded.
The kobold brigand closely misses you.
The kobold brigand splashes around in the water.
You slash the kobold brigand!
The kobold brigand is almost dead.
You block the kobold brigand's attack.
You closely miss the kobold brigand.
The kobold brigand is almost dead.
The kobold brigand hits you but does no damage.
The kobold brigand hits you with a +0 dagger.
You die...

###.~≈≈.# #.~≈~.#
##.~≈~~##
#..~≈~~~################
#~.~≈~~~~~~~~~~~~~~~~~~~
#.~~≈~~~################
#..~≈~~~# #.~~≈~~~#
#.~≈≈≈~@# #~~≈≈≈~K#
#.~≈≈≈))# #..~~~~~#
#...~.~.# ####.#### ..
... #...


You could see a kobold brigand.

Vanquished Creatures
  A kobold brigand (Sewer)
  An iguana (D:3)
  An adder (D:3)
  3 river rats (Sewer)
  A shadow imp (D:3)
  An orc (D:3)
  5 ball pythons
  3 endoplasms
  4 giant cockroaches
  3 goblins
  3 hobgoblins
  5 jackals
  10 kobolds
  A quokka (D:3)
  2 bats (D:1)
  3 rats
47 creatures vanquished.

Notes
Turn   | Place    | Note
-------+----------+-------------------------------------------
     0 | D:1      | bande the Gargoyle Fighter began the quest for the Orb.
     0 | D:1      | Reached XP level 1. HP: 14/14 MP: 1/1
    98 | D:1      | Reached XP level 2. HP: 19/19 MP: 2/2
   952 | D:2      | Reached XP level 3. HP: 23/23 MP: 3/3
  1086 | D:2      | Noticed Jessica
  1086 | D:2      | You fall into a shaft and drop 1 floor!
  1131 | D:3      | Reached skill level 4 in Armour
  1281 | D:3      | Reached XP level 4. HP: 23/28 MP: 4/4
  1544 | D:3      | Found a glowing drain.
  1548 | Sewer    | Entered a sewer
  1923 | Sewer    | Noticed a kobold brigand
  1924 | Sewer    | Noticed a kobold brigand
  1934 | Sewer    | Reached XP level 5. HP: 28/33 MP: 5/5
  1943 | Sewer    | Killed a kobold brigand
  1963 | Sewer    | HP: 1/33 [kobold brigand/+0 dagger (3)]
  1967 | Sewer    | Slain by a kobold brigand

Illustrated notes

Levels and vault maps discovered:
D:1:      lightli_arrival_farm, layout_basic, nrook_loot_triangle
D:2:      minmay_diamond_boxcup, layout_basic, serial_shops, shop_statue,
          uniq_jessica
D:3:      layout_loops_ring, gup_sewer_entry_bowl
Sewer:    sewer_kobolds

Skill      XL: |  1  2  3  4 |
---------------+-------------+-----
Axes           | 2 3 |  3.7
Armour         | 4 |  4.5
Fighting       | |  3.9
Shields        | |  3.8

Action                   |  1- 3 |  4- 6 || total
-------------------------+-------+-------++-------
Melee: War axe           |   116 |    88 ||   204
Armor: Scale mail        |    72 |    50 ||   122
Dodge: Dodged            |    58 |    37 ||    95
Block: Buckler           |    40 |    15 ||    55

Table legend: (Time is in decaauts)
 A = Elapsed time spent in this place.
 B = Non-inter-level travel time spent in this place.
 C = Inter-level travel time spent in this place.
 D = Time resting spent in this place.
 E = Time spent auto-exploring this place.
 F = Levels seen in this place.
 G = Mean time per level.
                   A        B        C        D        E       F      G
               +--------+--------+--------+--------+--------+-----+--------+
         Total |   2098 |   2023 |     75 |    296 |   1276 |   4 |  524.5 |
       Dungeon |   1633 |   1558 |     75 |      0 |   1213 |   3 |  544.3 |
         Sewer |    464 |    464 |      0 |    296 |     63 |   1 |  464.0 |
               +--------+--------+--------+--------+--------+-----+--------+

Top non-repeatable levels by time:
     D:1: 679 daAuts
     D:3: 488 daAuts
     D:2: 465 daAuts
   Sewer: 464 daAuts
